 Dungeon Crawl Stone Soup version 0.17.1-2-g5865329 (webtiles) character file.

8 ololoev the Skirmisher (level 2, 0/36 HPs)
             Began as a Demonspawn Berserker on Jan 22, 2016.
             Was a Follower of Trog.
             Slain by a river rat (7 damage)
             ... on level 1 of the Dungeon.
             The game lasted 00:00:53 (78 turns).

ololoev the Skirmisher (Demonspawn Berserker)         Turns: 78, Time: 00:00:54

Health: 0/36       AC:  2    Str: 22    XL:     2   Next: 0%
Magic:  2/2        EV: 12    Int:  8    God:    Trog [*.....]
Gold:   0          SH:  0    Dex: 12    Spells: 0 memorised, 1 level left

rFire  . . .     SeeInvis .     a - +0 hand axe
rCold  + . .     Clarity  .     b - +0 animal skin
rNeg   . . .     SustAt   .     (no shield)
rPois  .         Gourm    .     (no helmet)
rElec  .         Spirit   .     (no cloak)
rCorr  +         Warding  .     (no gloves)
rMut   .         Stasis   .     (no boots)
MR     .....                    e - amulet of resist corrosion
Stlth  ..........               (no ring)
                                (no ring)

@: berserking (expiring), very quick, not resistant to hostile enchantments,
extremely unstealthy
A: cold resistance 1
a: Berserk, Burn Spellbooks, Renounce Religion


Innate Abilities, Weirdness & Mutations

Your flesh is cold resistant.

Inventory:

Hand Weapons
 a - a +0 hand axe (weapon)
Armour
 b - a +0 animal skin (worn)
Jewellery
 e - an amulet of resist corrosion (around neck)
Comestibles
 c - a bread ration
 d - 3 chunks of flesh


   Skills:
 - Level 3.0 Fighting
 * Level 3.0 Axes
 + Level 2.1 Armour
 - Level 1.7 Dodging


You had one spell level left.
You didn't know any spells.


You were on level 1 of the Dungeon.
You worshipped Trog.
Trog was aware of your devotion.
You were not hungry.

You visited 1 branch of the dungeon, and saw 2 of its levels.

###.# ..>. ... ...
######### #.###.(.....###
#####.#.'.@r<...'.#######
#....)#.#.......#........
#.).)÷#########........
......#†#.#.......#.)....##
#.#.# #.#.'.>.>.>.'.####.#
# ..###.......### # ##.#
######### ..# ###

Notes
Turn   | Place    | Note
--------------------------------------------------------------
     0 | D:1      | ololoev the Demonspawn Berserker began the quest for the Orb.
     0 | D:1      | Reached XP level 1. HP: 18/18 MP: 1/1
    26 | D:1      | Gained mutation: Your flesh is cold resistant. [demonic ancestry]
    26 | D:1      | Reached XP level 2. HP: 6/24 MP: 2/2
    78 | D:1      | Slain by a river rat

Dungeon Overview and Level Annotations

Branches:
Dungeon (2/15)

Altars:


Message History

Found a short sword and a runed garnet amulet.
There is a stone staircase leading up here.
You see here a short sword.
A river rat comes into view.
You see here a runed garnet amulet.
e - a runed garnet amulet You see here a short sword.
The river rat closely misses you.
There is a stone staircase leading up here.
Put on which piece of jewellery? (? for menu, Esc to quit)
e - an amulet of resist corrosion (around neck)
You feel yourself speed up. The river rat bites you.
The river rat bites you but does no damage.
You climb upwards.
There is a stone staircase leading down here.
There is a stone staircase leading down here.
You open the door. The river rat closely misses you.
Found a club.
There is an open door here.
You open the door. The river rat misses you.
You feel less exhausted.
There is an open door here.
There is a staircase leading out of the dungeon here.
Use which ability? (? or * to list)
A red film seems to cover your vision as you go berserk!
You feel yourself moving faster!
You feel mighty!
You feel somewhat more hungry. The river rat closely misses you.
You closely miss the river rat.
The river rat bites you but does no damage.
You barely miss the river rat. The river rat completely misses you.
You hit the river rat.
The river rat is moderately wounded.
You hit the river rat but do no damage.
The river rat is moderately wounded.
The river rat closely misses you.
You barely miss the river rat.
The river rat is moderately wounded.
The river rat bites you!
You die...

You could see a river rat.

Vanquished Creatures
  A ball python (D:1)
  A goblin (D:1)
  2 hobgoblins (D:1)
  A giant cockroach (D:1)
  2 kobolds (D:1)
7 creatures vanquished.

Action                   || total
-------------------------++-------
Melee: Hand axe          ||    22
Invok: Berserk           ||     2

Vault maps used:
D:1:      minmay_arrival_up_and_down, minmay_misc_feat_plants
D:2:      wad_woods_tower, nemelex_xobeh_ov_fountains_minmay, serial_forest,
          infiniplex_forest_straight_4, infiniplex_forest_lined_2,
          infiniplex_forest_lined_room_2, infiniplex_forest_zigzag_1,
          infiniplex_forest_clump_medium, infiniplex_forest_pool,
          infiniplex_forest_clump_small, infiniplex_forest_clump_double,
          infiniplex_forest_lined_room_2, uniq_crazy_yiuf_cottage, uniq_robin
